 Dungeon Crawl Stone Soup version 0.22.1-1-ga44c0e56f4 (webtiles) character file.

14439 Knicklaso the Slicer (level 12, -6/83 HPs)
             Began as a Halfling Fighter on Sept 28, 2018.
             Was an Elder of Nemelex Xobeh.
             Mangled by a killer bee (10 damage)
             ... on level 3 of the Lair of Beasts.
             The game lasted 00:39:05 (12940 turns).

Knicklaso the Slicer (Halfling Fighter)            Turns: 12940, Time: 00:39:07

Health: -6/83      AC: 14    Str: 19 (20) XL:     12   Next: 45%
Magic:  12/18      EV: 11    Int: 11 (13) God:    Nemelex Xobeh [****..]
Gold:   388        SH: 10    Dex: 15 (16) Spells: 11/11 levels left

rFire    x . .     SeeInvis .   u - +4 short sword of Joter {venom, Fragile rF- Int+7 Stlth+}
rCold    . . .     Gourm    .   c - +0 shield
rNeg     + . .     Faith    .   i - +0 plate armour
rPois    .         Spirit   .   (no helmet)
rElec    .         Reflect  .   C - scarf {cloud immunity}
rCorr    .         Harm     .   (no gloves)
MR       .....                  (no boots)
Stlth    ..........             (no amulet)
HPRegen  0.23/turn              E - ring of positive energy
MPRegen  0.16/turn              F - ring of flight

@: no status effects
A: small, mutation resistance 1
a: Triple Draw, Deal Four, Renounce Religion, Evoke Flight


You were on level 3 of the Lair of Beasts.
You worshipped Nemelex Xobeh.
Nemelex Xobeh was greatly pleased with you.
You were not hungry.

You visited 3 branches of the dungeon, and saw 15 of its levels.

You collected 634 gold pieces.
You spent 246 gold pieces at shops.

Inventory:

Hand Weapons
 b - a +0 hunting sling
 q - a +2 dagger of venom
 u - the +4 short sword of Joter (weapon) {venom, Fragile rF- Int+7 Stlth+}
   (You found it on level 4 of the Dungeon)

   It poisons the flesh of those it strikes.
   It affects your intelligence (+7).
   It makes you vulnerable to fire.
   It will be destroyed if unequipped.
   It makes you more stealthy.
Missiles
 r - 366 stones (quivered)
 s - 117 sling bullets
Armour
 c - a +0 shield (worn)
 i - a +0 plate armour (worn)
 C - a scarf of cloud immunity (worn)
 P - a +0 ring mail of cold resistance
Jewellery
 E - a ring of positive energy (left hand)
 F - a ring of flight (right hand)
 N - an uncursed ring of positive energy
Wands
 D - a wand of polymorph (14)
 O - a wand of acid (5)
 Q - a wand of random effects (13)
Scrolls
 d - a scroll of fog {unknown}
 g - 2 scrolls of amnesia
 h - 10 scrolls of teleportation
 j - 2 scrolls of enchant weapon {unknown}
 k - 4 scrolls of remove curse
 n - 16 scrolls of identify
 t - a scroll of random uselessness {unknown}
 y - 2 scrolls of blinking {unknown}
 B - 2 scrolls of vulnerability {unknown}
 G - 5 scrolls of enchant armour
 H - a scroll of silence {unknown}
 J - a scroll of immolation
 K - 2 scrolls of magic mapping
Potions
 a - 3 potions of ambrosia
 e - 3 potions of haste {unknown}
 l - 3 potions of brilliance {unknown}
 o - 4 potions of heal wounds {unknown}
 p - 2 potions of curing
 v - 2 potions of agility {unknown}
 w - a potion of magic {unknown}
 z - 2 potions of might
 R - 2 potions of resistance {unknown}
 S - a potion of lignification {unknown}
Miscellaneous
 m - an ornate deck of summoning
 A - a plain deck of summoning {drawn: 5}
 I - a plain deck of summoning
 L - a plain deck of destruction {drawn: 1}
 M - a plain deck of escape
 U - a plain deck of destruction
Comestibles
 f - 23 rations


   Skills:
 + Level 8.2 Fighting
 + Level 10.7(11.2) Short Blades
   Level 4.1(7.1) Long Blades
 + Level 9.8 Armour
 + Level 9.2 Dodging
 - Level 4.2 Shields
 + Level 8.7 Invocations


You had 11 spell levels left.
You didn't know any spells.
Your spell library contained the following spells:

 Spells                   Type           Power        Failure   Level  Hunger
 Animate Skeleton         Necr           N/A          100%        1    ##.....
 Apportation              Tloc           #.....       100%        1    ##.....
 Confusing Touch          Hex            #.....       100%        1    ##.....
 Magic Dart               Conj           #...         100%        1    ##.....
 Summon Small Mammal      Summ           #...         100%        1    ##.....
 Searing Ray              Conj           #.....       100%        2    ###....
 Dazzling Spray           Conj/Hex       #.....       100%        3    ####...
 Force Lance              Conj/Tloc      #.......     100%        4    #####..
 Fulminant Prism          Conj/Hex       #.........   100%        4    #####..
 Iskenderun's Mystic Bla  Conj           #.......     100%        4    #####..
 Irradiate                Conj/Tmut      #.........   100%        5    ######.
 Hydra Form               Tmut           #.........   100%        6    #######
 Statue Form              Tmut/Erth      #........    100%        6    #######
 Dragon Form              Tmut           #.........   100%        7    #######


Dungeon Overview and Level Annotations

Branches:
Dungeon (11/15)            Temple (1/1) D:4            Lair (3/6) D:9
  Swamp (0/4) Lair:2
  Snake: Lair:2-4    Spider: Lair:2-4       Orc: D:9-12

Altars:
Ashenzari
Cheibriados
Dithmenos
Elyvilon
Fedhas
Gozag
Hepliaklqana
Kikubaaqudgha
Makhleb
Nemelex Xobeh
Okawaru
Qazlal
Ru
Sif Muna
Trog
Uskayaw
Vehumet
Wu Jian
Xom
Yredelemnul
Zin
The Shining One

Shops:
D:6 =   D:9 *:

Portals:
Labyrinth: D:11

Annotations:
D:7 1 runed door, Cykl0x's ghost, novice DrFi
D:9 2 transporters, Sotto's ghost, novice DECj


Innate Abilities, Weirdness & Mutations

You are small and have problems with some larger weapons.
You are somewhat resistant to further mutation.


Message History

The killer bee is engulfed in blazing flames.
The killer bee stings you!
* * * LOW HITPOINT WARNING * * *
The killer bee barely misses you.
The killer bee is engulfed in blazing flames.
You kill the killer bee!
You block the killer bee's attack. The adder barely misses you.
The killer bee is engulfed in blazing flames.
The killer bee rages.
The killer bee barely misses you.
The killer bee stings you but does no damage.
The killer bee completely misses you.
You feel better. The killer bee closely misses you. The killer bee stings you!
* * * LOW HITPOINT WARNING * * *
The killer bee is engulfed in blazing flames.
The killer bee is engulfed in freezing vapours.
The killer bee barely misses you. You block the killer bee's attack.
The killer bee stings you!
You die...
Your body glows slightly and disappears.

..y.#....P....##.#.#....########
#††#......P.............P.##...#
.yy##.........................##
#y.##.......§...........##.....#
y..#........§§####..##P..###..##
.####.....§§§g####....P........#
% #.#.....§§§§yyy§.............#
.
#.......§§§y§Sy#.............##
.
##......##§.yy@#.............P#
#.#....##§§§yy#.#...........##
##....#.#..§y§##............#
#.........§§#.#########...##
#..........#.## #P...P#
#...........## #.....# ##
##...#.#....## ### ##...###
#.P###..########.####P###PP....#
...P.#...# ###............##


You could see a queen bee, 9 killer bees, a gnoll and an adder.

Vanquished Creatures
  A hydra (Lair:2)
  A two-headed ogre (D:10)
  Pikel (D:5)
  2 spiny frogs
  3 komodo dragons
  4 blink frogs (Lair:1)
  4 hippogriffs
  7 yaks (Lair:1)
  A wyvern (Lair:2)
  A wraith (D:10)
  4 hogs (D:7)
  A human (D:7)
  A basilisk (Lair:2)
  2 swamp worms (Lair:2)
  7 water moccasins
  3 porcupines (Lair:2)
  A black bear (D:7)
  A sky beast (D:7)
  2 necrophages
  A slave (D:5)
  3 ogres
  6 centaurs
  A phantom (D:5)
  3 crocodiles
  A big kobold (D:11)
  8 bullfrogs
  A wyvern skeleton (D:6)
  2 scorpions
  14 killer bees
  3 wights
  A howler monkey (D:9)
  6 crimson imps
  2 hounds
  3 orc priests
  4 orc wizards
  A centaur skeleton (D:11)
  Natasha (thrice) (D:3)
  5 worker ants
  A killer bee zombie (D:4)
  A hound skeleton (D:4)
  A howler monkey zombie (D:6)
  13 gnolls
  10 adders
  A river rat (Lair:3)
  A shadow imp (D:10)
  An adder skeleton (D:4)
  A worm (D:3)
  A dart slug (D:1)
  8 leopard geckos
  25 orcs
  A ball python (D:3)
  5 bats
  4 giant cockroaches
  4 goblins
  3 hobgoblins
  6 jackals
  8 quokkas
  7 frilled lizards
  9 kobolds
  6 rats
232 creatures vanquished.

Vanquished Creatures (collateral kills)
  2 hydras (Lair:1)
  A two-headed ogre (D:8)
  An unseen horror (D:10)
  A spiny frog (Lair:3)
  2 blink frogs (Lair:1)
  4 yaks (D:10)
  2 water moccasins
  A porcupine (Lair:3)
  A bullfrog (D:8)
  4 killer bees (Lair:3)
  4 wights (D:9)
  An orc wizard (D:8)
  A jelly (Lair:3)
  A river rat (Lair:3)
  A leopard gecko (D:6)
  An orc (D:8)
  A jackal (D:9)
29 creatures vanquished.

Vanquished Creatures (others)
  An ooze (D:5)
  3 fungi
  2 withered plants (D:7)
6 creatures vanquished.

Grand Total: 267 creatures vanquished

Notes
Turn   | Place    | Note
-------+----------+-------------------------------------------
     0 | D:1      | Knicklaso the Halfling Fighter began the quest for the Orb.
     0 | D:1      | Reached XP level 1. HP: 15/15 MP: 1/1
   143 | D:1      | Reached XP level 2. HP: 12/20 MP: 2/2
   455 | D:1      | Reached XP level 3. HP: 24/25 MP: 3/3
   899 | D:2      | Found an ancient bone altar of Kikubaaqudgha.
   992 | D:2      | Reached XP level 4. HP: 23/31 MP: 4/4
  1011 | D:2      | Reached skill level 1 in Dodging
  1582 | D:3      | Found a hazy altar of Hepliaklqana.
  1607 | D:3      | Reached XP level 5. HP: 36/36 MP: 5/5
  1820 | D:3      | Noticed a bullfrog
  1828 | D:3      | Killed a bullfrog
  1828 | D:3      | Reached XP level 6. HP: 16/42 MP: 6/6
  2189 | D:3      | Noticed Natasha
  2206 | D:3      | Killed Natasha
  2378 | D:3      | Found a sacrificial altar of Ru.
  2504 | D:3      | Found a glowing golden altar of the Shining One.
  2515 | D:3      | Noticed Natasha
  2523 | D:3      | Killed Natasha
  2524 | D:3      | Noticed Natasha
  2533 | D:3      | Killed Natasha
  2687 | D:4      | Found a staircase to the Ecumenical Temple.
  2709 | Temple   | Entered the Ecumenical Temple
  2780 | Temple   | Became a worshipper of Nemelex Xobeh the Trickster
  2864 | D:4      | Got a fine short sword
  2865 | D:4      | Identified the +4 short sword of Joter {venom, Fragile rF-
                  | Int+7 Stlth+} (You found it on level 4 of the Dungeon)
  3179 | D:4      | Reached skill level 1 in Short Blades
  3179 | D:4      | Reached XP level 7. HP: 46/46 MP: 7/7
  3360 | D:4      | Reached skill level 2 in Short Blades
  3360 | D:4      | Reached skill level 1 in Invocations
  3615 | D:4      | Received a gift from Nemelex Xobeh
  3961 | D:5      | Entered Level 5 of the Dungeon
  4004 | D:5      | Found a shadowy altar of Dithmenos.
  4027 | D:5      | Reached skill level 3 in Short Blades
  4088 | D:4      | Reached XP level 8. HP: 13/54 MP: 9/9
  4304 | D:5      | Found an iron altar of Okawaru.
  4313 | D:5      | Noticed Pikel
  4360 | D:5      | Killed Pikel
  4360 | D:5      | Reached skill level 5 in Short Blades
  4360 | D:5      | Reached skill level 5 in Armour
  4478 | D:5      | Reached * piety under Nemelex Xobeh
  4561 | D:5      | Received a gift from Nemelex Xobeh
  4660 | D:5      | Found a blossoming altar of Fedhas.
  4945 | D:6      | Reached XP level 9. HP: 59/59 MP: 11/11
  4967 | D:6      | Found Soehyco's Jewellery Emporium.
  5166 | D:6      | Found a burning altar of Makhleb.
  5208 | D:7      | Reached skill level 6 in Short Blades
  5219 | D:7      | Found an opulent altar of Gozag.
  5239 | D:7      | Received a gift from Nemelex Xobeh
  5256 | D:7      | Found a glowing silver altar of Zin.
  5481 | D:7      | Reached skill level 5 in Fighting
  5537 | D:7      | Reached skill level 5 in Dodging
  5585 | D:7      | Reached ** piety under Nemelex Xobeh
  5623 | D:7      | Reached skill level 7 in Short Blades
  5668 | D:7      | Found a radiant altar of Vehumet.
  5754 | D:7      | Found a runed door.
  5755 | D:7      | Noticed Cykl0x's ghost (novice DrFi)
  5865 | D:7      | Reached XP level 10. HP: 12/66 MP: 13/13
  5868 | D:7      | Reached skill level 8 in Short Blades
  6268 | D:8      | Noticed a two-headed ogre
  6276 | D:8      | Killed a two-headed ogre
  6276 | D:8      | Reached skill level 5 in Invocations
  6528 | D:8      | Reached skill level 9 in Short Blades
  6675 | D:8      | Found a shattered altar of Ashenzari.
  6849 | D:9      | Found a staircase to the Lair.
  7142 | D:9      | Found a white marble altar of Elyvilon.
  7166 | D:9      | Found a transporter.
  7167 | D:9      | Noticed Sotto's ghost (novice DECj)
  7177 | D:9      | Found a transporter.
  7253 | D:9      | Received a gift from Nemelex Xobeh
  7478 | D:9      | Found Kozxeedgh's General Store.
  7483 | D:9      | Bought a potion of ambrosia for 88 gold pieces
  7483 | D:9      | Bought a scroll of enchant armour for 82 gold pieces
  7483 | D:9      | Bought a scroll of immolation for 38 gold pieces
  7483 | D:9      | Bought a scroll of magic mapping for 38 gold pieces
  7490 | D:9      | Found Plog's Book Shop.
  7676 | D:10     | Entered Level 10 of the Dungeon
  7704 | D:10     | Killed an unseen horror
  7986 | D:10     | Reached XP level 11. HP: 55/74 MP: 15/15
  7990 | D:10     | Noticed a two-headed ogre
  8012 | D:10     | Killed a two-headed ogre
  8298 | D:10     | Reached *** piety under Nemelex Xobeh
  8706 | D:11     | Received a gift from Nemelex Xobeh
  8706 | D:11     | Received a gift from Nemelex Xobeh
  8717 | D:11     | Found a labyrinth entrance.
  8777 | D:11     | Noticed a two-headed ogre
  8790 | D:11     | Noticed a death knight
  9133 | Lair:1   | Entered Level 1 of the Lair of Beasts
  9205 | Lair:1   | Noticed a five-headed hydra
  9239 | Lair:1   | Killed a five-headed hydra
 10033 | Lair:1   | Reached skill level 10 in Short Blades
 10069 | Lair:1   | Noticed a five-headed hydra
 10081 | Lair:1   | Killed a five-headed hydra
 10505 | Lair:2   | Noticed a five-headed hydra
 10701 | Lair:2   | Killed a five-headed hydra
 10701 | Lair:2   | Reached XP level 12. HP: 82/82 MP: 18/18
 11210 | Lair:2   | Reached **** piety under Nemelex Xobeh
 11210 | Lair:2   | Received a gift from Nemelex Xobeh
 11746 | Lair:2   | Found a staircase to the Swamp.
 12332 | Lair:3   | Received a gift from Nemelex Xobeh
 12939 | Lair:3   | HP: 2/83 [killer bee (9)]
 12940 | Lair:3   | Mangled by a killer bee

Skill      XL: |  1  2  3  4  5  6  7  8  9 10 11 12 |
---------------+-------------------------------------+-----
Fighting       | 3 4 5 6 7 8 |  8.2
Long Blades    | 3 4 |  4.1
Dodging        | 1 2 3 4 5 6 8 9 |  9.2
Armour         | 4 5 6 7 9 |  9.8
Shields        | 4 |  4.2
Short Blades   | 1 3 5 7 9 10 | 10.7
Invocations    | 1 3 4 6 8 |  8.7

Action                   |  1- 3 |  4- 6 |  7- 9 | 10-12 || total
-------------------------+-------+-------+-------+-------++-------
Melee: Long sword        |    93 |   189 |       |       ||   282
       Short sword       |       |    40 |   296 |   576 ||   912
 Fire: Hunting sling     |       |     1 |       |       ||     1
Invok: Deal Four         |       |       |       |     1 ||     1
Evoke: Deck              |       |       |     1 |    13 ||    14
  Use: Potion            |       |     1 |       |     6 ||     7
       Scroll            |       |       |       |     4 ||     4
  Eat: Chunk             |       |     8 |     8 |    13 ||    29
       Ration            |       |       |       |     3 ||     3
Armor: Scale mail        |     7 |       |       |       ||     7
       Plate armour      |    49 |   142 |   131 |   190 ||   512
Dodge: Dodged            |    31 |    70 |    71 |   211 ||   383
Block: Shield            |    63 |   121 |   167 |   281 ||   632
       Rpst.: Long sword |    10 |    16 |       |       ||    26
